 Dungeon Crawl Stone Soup version 0.27.1 (webtiles) character file.

Game seed: 16283270840570004470

3404 MajorAdolf the Spear-Bearer (level 10, -6/78 HPs)
             Began as a Naga Wanderer on Aug 23, 2021.
             Was an Initiate of Gozag.
             Mangled by a boulder beetle (7 damage)
             ... on level 7 of the Dungeon.
             The game lasted 00:13:16 (10660 turns).

MajorAdolf the Spear-Bearer (Naga Wanderer)        Turns: 10660, Time: 00:13:17

Health: -6/78      AC: 10    Str: 14    XL:     10   Next: 4%
Magic:  10/10      EV:  9    Int: 21    God:    Gozag
Gold:   2885       SH:  0    Dex: 12    Spells: 9/9 levels left

rFire    + . .     SeeInvis +   e - +8 lance "Wyrmbane" {slay drac, rPois rF+ rC+ AC+3}
rCold    + + .     Faith    .   (no shield)
rNeg     . . .     Spirit   .   q - +2 leather armour {rC+}
rPois    +         Reflect  .   (no helmet)
rElec    .         Harm     .   (no cloak)
rCorr    .         Rampage  .   m - +0 pair of gloves
Will     +....                  (no barding)
Stlth    ++++......             (no amulet)
HPRegen  0.23/turn              d - +6 ring of intelligence
MPRegen  0.12/turn              (no ring)

@: very slow
A: AC +3, large, see invisible, deformed body, poison resistance, slowness 2,
spit poison 1, naga tail 1
a: Spit Poison, Renounce Religion, Potion Petition, Call Merchant, Bribe Branch


You were on level 7 of the Dungeon.
You worshipped Gozag.
Gozag was most pleased with you.
You visited 2 branches of the dungeon, and saw 8 of its levels.

You collected 2979 gold pieces.
You paid 94 gold pieces to Gozag.

Inventory:

Hand Weapons
 e - the +8 lance "Wyrmbane" (weapon) {slay drac, rPois rF+ rC+ AC+3}
   (You acquired it on level 3 of the Dungeon)

   It inflicts extra damage against dragons and draconians.
   AC:        It affects your AC (+3).
   rF:        It protects you from fire.
   rC:        It protects you from cold.
   rPois:     It protects you from poison.
 o - a +1 short sword of holy wrath
Armour
 c - a +0 robe
 m - a +0 pair of gloves (worn)
 q - a +2 leather armour of cold resistance (worn)
Jewellery
 d - a +6 ring of intelligence (left hand)
Wands
 w - a wand of flame (16)
 y - a wand of polymorph (9)
Scrolls
 f - 4 scrolls of teleportation
 g - 6 scrolls of identify {unknown}
 h - 2 scrolls of noise {unknown}
 j - a scroll of blinking {unknown}
 n - 2 scrolls of amnesia {unknown}
 p - a scroll of immolation {unknown}
 r - a scroll of enchant weapon {unknown}
 u - a scroll of fear {unknown}
 v - 2 scrolls of magic mapping {unknown}
 z - a scroll of summoning {unknown}
 B - a scroll of holy word {unknown}
Potions
 a - 2 potions of attraction {unknown}
 b - 3 potions of lignification
 i - 5 potions of heal wounds {unknown}
 k - 5 potions of curing {unknown}
 t - a potion of flight {unknown}
 x - a potion of might {unknown}
 A - a potion of brilliance {unknown}


   Skills:
 - Level 1.0 Fighting
 - Level 2.0 Short Blades
 + Level 11.4 Polearms
 - Level 1.0 Throwing
 - Level 1.0 Dodging
 - Level 8.7 Stealth
 + Level 6.3 Evocations


You had 9 spell levels left.
You didn't know any spells.
Your spell library contained the following spells:

 Spells                   Type           Power      Damage    Failure   Level
 Summon Small Mammal      Summ           0%         N/A       22%         1
 Call Canine Familiar     Summ           0%         N/A       56%         3
 Frozen Ramparts          Ice            0%         1d2       56%         3
 Summon Guardian Golem    Hex/Summ       0%         N/A       56%         3
 Ice Form                 Ice/Tmut       0%         N/A       92%         4
 Summon Ice Beast         Ice/Summ       0%         N/A       92%         4


Dungeon Overview and Level Annotations

Branches:
Dungeon (7/15)             Temple (1/1) D:6

Altars:
Ashenzari
Cheibriados
Elyvilon
Fedhas
Gozag
Hepliaklqana
Makhleb
Nemelex Xobeh
Okawaru
Qazlal
Ru
Sif Muna
Trog
Uskayaw
Vehumet
Wu Jian
Xom
Yredelemnul
Zin
The Shining One

Shops:
D:2 !   D:5 !

Annotations:
D:2 exclusion: downstairs
D:7 exclusion: two-headed ogre


Innate Abilities, Weirdness & Mutations

Your serpentine skin is tough. (AC +3)
You have supernaturally acute eyesight. (SInv)
Armour fits poorly on your strangely shaped body.
Your system is resistant to poisons. (rPois)
You cover ground very slowly.
You can spit poison.
You have a snake-like lower body.


Message History

The puff of flame hits the boulder beetle!
The boulder beetle is almost dead.
The boulder beetle bites you!
Unknown command.
Unknown command.
Aiming: Throw Flame
Press: ? - help, Shift-Dir - straight line, f/p - boulder beetle
Aim: a boulder beetle (almost dead, covered in acid, 100% to hit)
The puff of flame hits the boulder beetle.
The boulder beetle is almost dead.
The boulder beetle bites you!
Unknown command.
Aiming: Throw Flame
Press: ? - help, Shift-Dir - straight line, f/p - boulder beetle
Aim: a boulder beetle (almost dead, covered in acid, 100% to hit)
The puff of flame hits the boulder beetle.
The boulder beetle is almost dead.
The boulder beetle bites you but does no damage.
Unknown command.
Aiming: Throw Flame
Press: ? - help, Shift-Dir - straight line, f/p - boulder beetle
Aim: a boulder beetle (almost dead, covered in acid, 100% to hit)
The puff of flame hits the boulder beetle.
The boulder beetle is almost dead.
The boulder beetle bites you!
* * * LOW HITPOINT WARNING * * *
You hit the boulder beetle but do no damage.
The boulder beetle is almost dead.
The boulder beetle bites you!
* * * LOW HITPOINT WARNING * * *
Unknown command.
Okay, then.
Aiming: Throw Flame
Press: ? - help, Shift-Dir - straight line, f/p - boulder beetle
Aim: a boulder beetle (almost dead, covered in acid, 100% to hit)
The puff of flame hits the boulder beetle but does no damage.
The boulder beetle is almost dead.
The boulder beetle bites you!
You die...
Your body crumbles into a pile of gold.

###### .....# #######
.....# #...@.# #####
.....#
######)###B###########.B.#
.....# #...)).#
#..........$..#.# .<...#
#.####.###.#####.#######T.
.....# #.# #.....# #.# #.#
.....###.########## #.#
#.. .............# #.# #.#
.###)....###.# #.# #.. .#
#.#.#####.## #.. #)#


You could see a boulder beetle (corroded).

Vanquished Creatures
  A two-headed ogre (D:7)
  3 trolls (D:7)
  Sigmund (D:3)
  Edmund (D:4)
  Duvessa (D:4)
  A black bear (D:6)
  A hornet zombie (D:6)
  A sky beast (D:6)
  2 necrophages
  A centaur (D:6)
  A bullfrog (D:7)
  Dowan (D:4)
  2 gnoll sergeants
  A scorpion (D:4)
  4 wights (D:7)
  3 hounds (D:6)
  2 orc priests
  4 jellies
  2 centaur skeletons (D:6)
  Jessica (D:3)
  2 iguanas
  2 orc wizards (D:6)
  A howler monkey zombie (D:7)
  13 gnolls
  7 adders
  2 shadow imps
  A white imp (D:7)
  An ufetubus (D:7)
  2 worms
  3 adder skeletons
  3 dart slugs
  8 orcs
  5 endoplasms
  5 giant cockroaches
  3 goblins
  7 hobgoblins
  5 jackals
  9 kobolds
  2 quokkas
  8 ball pythons
  7 bats
  5 frilled lizards
  4 rats
139 creatures vanquished.

Notes
Turn   | Place    | Note
-------+----------+-------------------------------------------
     0 | D:1      | MajorAdolf the Naga Wanderer began the quest for the Orb.
     0 | D:1      | MajorAdolf set off with the following items: a +2 short
                  | sword, 2 potions of lignification, a +0 robe, a +0 dagger
     0 | D:1      | Reached XP level 1. HP: 18/18 MP: 1/1
   285 | D:1      | Reached XP level 2. HP: 10/25 MP: 2/2
   913 | D:1      | Reached XP level 3. HP: 31/31 MP: 3/3
  1026 | D:1      | Found a faded altar of an unknown god.
  1491 | D:2      | Found Jaclaw's Distillery.
  1894 | D:2      | Reached XP level 4. HP: 38/38 MP: 4/4
  3618 | D:3      | Identified a scroll of acquirement
  3618 | D:3      | Acquired the +8 lance "Wyrmbane" {slay drac, rPois rF+ rC+
                  | AC+3}
  3618 | D:3      | Found the +8 lance "Wyrmbane" {slay drac, rPois rF+ rC+
                  | AC+3}
  4238 | D:5      | Entered Level 5 of the Dungeon
  4338 | D:4      | Noticed a scorpion
  4347 | D:4      | Killed a scorpion
  4348 | D:4      | Reached skill level 3 in Polearms
  4348 | D:4      | Reached XP level 5. HP: 44/44 MP: 5/5
  4368 | D:4      | Noticed Dowan
  4385 | D:4      | Noticed Edmund
  4388 | D:4      | Noticed Duvessa
  4396 | D:4      | Killed Edmund
  4397 | D:4      | Reached skill level 4 in Polearms
  4397 | D:4      | Reached XP level 6. HP: 27/51 MP: 6/6
  4406 | D:4      | Killed Duvessa
  4407 | D:4      | Reached skill level 5 in Polearms
  4411 | D:4      | Killed Dowan
  4759 | D:4      | Reached XP level 7. HP: 57/57 MP: 7/7
  5563 | D:5      | Reached skill level 6 in Polearms
  5913 | D:5      | Found Behu's Distillery.
  6495 | D:6      | Reached skill level 7 in Polearms
  7107 | D:6      | Reached XP level 8. HP: 61/64 MP: 8/8
  7125 | D:6      | Reached skill level 8 in Polearms
  7324 | D:6      | Found a staircase to the Ecumenical Temple.
  7378 | Temple   | Entered the Ecumenical Temple
  7478 | Temple   | Became a worshipper of Gozag Ym Sagoz the Greedy
  7606 | D:6      | Reached skill level 9 in Polearms
  8228 | D:7      | Reached skill level 1 in Evocations
  8326 | D:7      | Reached skill level 10 in Polearms
  8374 | D:7      | Reached XP level 9. HP: 67/70 MP: 9/9
  8559 | D:7      | Noticed a two-headed ogre
  9134 | D:3      | Acquired 1225 gold pieces
  9140 | D:3      | Acquired 1102 gold pieces
  9163 | D:3      | Noticed Sigmund
  9170 | D:3      | Killed Sigmund
  9299 | D:3      | Found a hide-covered altar of Uskayaw.
  9301 | D:3      | Found an iron altar of Okawaru.
  9336 | D:3      | Found a snail-covered altar of Cheibriados.
  9336 | D:3      | Found a sacrificial altar of Ru.
  9347 | D:3      | Noticed Jessica
  9354 | D:3      | Killed Jessica
  9920 | D:7      | Noticed a troll
  9932 | D:7      | Killed a troll
 10126 | D:7      | Noticed a boulder beetle
 10127 | D:7      | Noticed a troll
 10128 | D:7      | Noticed a troll
 10145 | D:7      | Killed a troll
 10266 | D:7      | Killed a troll
 10267 | D:7      | Reached skill level 11 in Polearms
 10267 | D:7      | Reached skill level 5 in Evocations
 10420 | D:7      | Killed a two-headed ogre
 10421 | D:7      | Reached XP level 10. HP: 50/78 MP: 10/10
 10659 | D:7      | HP: 1/78 [boulder beetle (17)]
 10660 | D:7      | Mangled by a boulder beetle

Illustrated notes

Levels and vault maps discovered:
D:1:      dpeg_arrival_chambers_temple_mockup, layout_basic,
          shapermc_ecumenical_altar_mp_highgroup, minmay_indecisive_spiral
D:2:      layout_rooms, serial_shops, shop, corexii_shack
D:3:      layout_rooms, nicolae_overflow_hidden_temple,
          kennysheep_generic_room_9, uniq_sigmund, uniq_jessica
D:4:      layout_gridville, uniq_edmund, uniq_duvessa
D:5:      layout_basic, serial_shops, nicolae_shop_waterfront
D:6:      layout_basic, minmay_temple_entry_butterflies
D:7:      layout_loops_ring, hangedman_minor_gate_pass
Temple:   lightli_temple_of_artemis

Skill      XL: |  1  2  3  4  5  6  7  8  9 |
---------------+----------------------------+-----
Stealth        | 6 7 8 |  8.7
Polearms       | 3 4 5 7 10 11 | 11.4
Evocations     | 2 6 |  6.3
Fighting       | |  1.0
Short Blades   | |  2.0
Throwing       | |  1.0
Dodging        | |  1.0

Action                   |  1- 3 |  4- 6 |  7- 9 | 10-12 || total
-------------------------+-------+-------+-------+-------++-------
Melee: Short sword       |    72 |    25 |       |       ||    97
       Lance             |       |    45 |   258 |     6 ||   309
 Abil: Spit Poison       |    30 |    15 |    10 |       ||    55
Evoke: Wand              |       |       |     9 |     8 ||    17
  Use: Scroll            |       |     1 |     3 |       ||     4
       Potion            |       |     1 |       |       ||     1
 Stab: Sleeping          |     5 |     3 |     8 |       ||    16
       Distracted        |       |       |     4 |       ||     4
Armor: Robe              |    16 |    19 |       |       ||    35
       Skin              |       |    13 |       |       ||    13
       Leather armour    |       |       |    85 |     1 ||    86
Dodge: Dodged            |    38 |    26 |    77 |     1 ||   142
